 Dungeon Crawl Stone Soup version 0.23.2-30-g0e89c35649 (webtiles) character file.

Game seed: 14013276318660996843

182 HASTUR3 the Sneak (level 5, -2/36 HPs)
             Began as an Octopode Fighter on June 17, 2019.
             Slain by an orc
             ... wielding a +0 war axe
              (7 damage)
             ... on level 3 of the Dungeon.
             The game lasted 00:08:12 (1810 turns).

HASTUR3 the Sneak (Octopode Fighter)                Turns: 1810, Time: 00:08:12

Health: -2/36      AC:  1    Str: 15    XL:     5   Next: 62%
Magic:  5/5        EV: 12    Int: 18    God:
Gold:   111        SH:  9    Dex: 11    Spells: 4/4 levels left

rFire    . . .     SeeInvis .     - Unarmed
rCold    . . .     Gourm    .   a - +0 shield
rNeg     . . .     Faith    .   (helmet restricted)
rPois    .         Spirit   .   (no amulet)
rElec    .         Reflect  .   k - +6 ring of intelligence
rCorr    .         Harm     .   (no ring)
MR       .....                  (no ring)
Stlth    ++++......             (no ring)
HPRegen  0.12/turn              (no ring)
MPRegen  0.09/turn              (no ring)
                                (no ring)
                                (no ring)

@: no status effects
A: almost no armour, stealthy swim, amphibious, 8 rings, constrict 8, camouflage
1, gelatinous body 1
a: no special abilities


You were on level 3 of the Dungeon.
You were not hungry.

You visited 1 branch of the dungeon, and saw 3 of its levels.

You collected 111 gold pieces.

Inventory:

Armour
 a - a +0 shield (worn)
Magical Staves
 n - an uncursed staff of summoning
Jewellery
 k - a +6 ring of intelligence (left tentacle)
Scrolls
 f - a scroll of enchant weapon {unknown}
 g - 3 scrolls of teleportation
 h - 4 scrolls of identify {unknown}
 j - a scroll of fear {unknown}
 l - a scroll of noise {unknown}
 m - a scroll of remove curse {unknown}
 o - a scroll of immolation {unknown}
Potions
 b - a potion of might
 e - 2 potions of haste {unknown}
 i - 3 potions of curing {unknown}
 p - 2 potions of flight {unknown}
Comestibles
 c - 5 rations
 d - 6 chunks of flesh


   Skills:
 - Level 3.0 Fighting
 * Level 3.2 Dodging
 + Level 4.7 Stealth
 * Level 4.6 Shields
 * Level 2.4 Unarmed Combat


You had 4 spell levels left.
You didn't know any spells.
Your spell library was empty.

Dungeon Overview and Level Annotations

Branches:
Dungeon (3/15)

Altars:
Trog


Innate Abilities, Weirdness & Mutations

You cannot wear most types of armour.
You are very stealthy in the water. (Stealth+)
You are amphibious.
You can wear up to eight rings at the same time.
You can use your tentacles to constrict eight enemies at once.
Your skin changes colour to match your surroundings (Stealth+).
Your rubbery body absorbs attacks. (AC +1, EV +1)


Message History

Things that are here:
a cursed -1 leather armour; a +0 flail; an orc corpse You tentacle-slap the orc.
You grab the orc.
The orc is heavily wounded.
You constrict the orc, but do no damage.
The orc hits you with a +0 trident.
You tentacle-slap the orc.
The orc is almost dead.
You constrict the orc.
You kill the orc!
You tentacle-slap the orc priest. Your grab misses the orc priest.
The orc priest is lightly wounded.
The orc priest mumbles some strange prayers to Beogh against you.
Pain shoots through your body!
* * * LOW HITPOINT WARNING * * *
You tentacle-slap the orc priest. Your grab misses the orc priest.
The orc priest is moderately wounded.
The orc priest casts a cantrip, but nothing happens.
The orc hits you with a +0 war axe!
You die...

#
####.).##...#.#
#
#..........##)#
#
#.............#
#
#..........##.#
#
###....#.(.##.#
# #........##.#
# #...........#
##
#.####..###.#
.#####.####..#
#@#
....>........#
#o#
.##########.##
#o.# .# ##.# .#
.# ># .# .# .#
.## .# ..######
..


You could see an orc priest and an orc.

Vanquished Creatures
  Terence (D:1)
  A hound skeleton (D:2)
  4 adders
  An ooze (D:2)
  2 worms (D:2)
  3 dart slugs
  6 orcs (D:3)
  10 bats
  2 bat skeletons (D:2)
  A giant cockroach (D:1)
  5 goblins
  7 hobgoblins
  19 jackals
  8 kobolds
  A ball python zombie (D:2)
  3 frilled lizards
  A jackal skeleton (D:2)
  A leopard gecko zombie (D:2)
  A quokka zombie (D:2)
  7 rats
84 creatures vanquished.

Notes
Turn   | Place    | Note
-------+----------+-------------------------------------------
     0 | D:1      | HASTUR3 the Octopode Fighter began the quest for the Orb.
     0 | D:1      | Reached XP level 1. HP: 16/16 MP: 1/1
    80 | D:1      | Reached skill level 1 in Stealth
   119 | D:1      | Reached XP level 2. HP: 20/21 MP: 2/2
   409 | D:1      | Reached XP level 3. HP: 26/26 MP: 3/3
   726 | D:2      | Noticed Terence
   739 | D:1      | Killed Terence
   739 | D:1      | Reached XP level 4. HP: 22/31 MP: 4/4
  1327 | D:2      | Reached XP level 5. HP: 36/36 MP: 5/5
  1768 | D:3      | Found a bloodstained altar of Trog.
  1810 | D:3      | Slain by an orc

Skill      XL: |  1  2  3  4 |
---------------+-------------+-----
Stealth        | 1 2 3 4 |  4.7
Shields        | 4 |  4.6
Fighting       | |  3.0
Dodging        | |  3.2
Unarmed Combat | |  2.4

Action                   |  1- 3 |  4- 6 || total
-------------------------+-------+-------++-------
Melee: Unarmed           |    68 |   114 ||   182
       Constrict         |    18 |    36 ||    54
       Tentacles         |    14 |    30 ||    44
       Punch             |     1 |     3 ||     4
  Use: Scroll            |     1 |       ||     1
 Stab: Sleeping          |     6 |    13 ||    19
  Eat: Chunk             |       |     3 ||     3
Armor: Skin              |     6 |     4 ||    10
Dodge: Dodged            |    24 |    42 ||    66
Block: Shield            |    21 |    42 ||    63
